 Dungeon Sprint DCSS version 0.15-a0-55-g79b3258 (console) character file.

9 Banquo the Cudgeler (level 2, -3/24 HPs)
             Began as a Formicid Fighter on Apr 4, 2014.
             Was a Follower of Dithmenos.
             Slain by a wolf (9 damage)
             ... in the Dungeon (Sprint VII: "The Pits").
             The game lasted 00:01:53 (157 turns).

Banquo the Cudgeler (Formicid Fighter)               Turns: 157, Time: 00:01:53

HP  -3/24        AC  6     Str 20      XL: 2   Next: 20%
MP   3/3         EV  7     Int  7      God: Dithmenos [*.....]
Gold 0           SH 18     Dex 10      Spells:  0 memorised,  1 level left

rFire  . . .     SeeInvis +     a - +2 mace
rCold  . . .     Clarity  .     b - +0 scale mail
rNeg   . . .     Conserve .     c - +0 shield
rPois  .         rCorr    .     (helmet unavailable)
rElec  .         rRot     .     (no cloak)
SustAb . .       Spirit   .     (no gloves)
rMut   .         Warding  .     (no boots)
Saprov . . .     Stasis   +     (no amulet)
MR     .....                    (no ring)
                                (no ring)

@: wreathed by umbra, not resistant to hostile enchantments, extremely
unstealthy
A: permanent stasis, dig shafts and tunnels, four strong arms, antennae 3
a: Dig, Renounce Religion


You were in the Dungeon.
You worshipped Dithmenos.
Dithmenos was aware of your devotion.
You were not hungry.

You visited 1 branch

Inventory:

Hand weapons
 a - a +2,+2 mace (weapon)
 i - a +0,+0 flail
Armour
 b - a +0 scale mail (worn)
 c - a +0 shield (worn)
Comestibles
 d - 8 bread rations
 h - a chunk of ball python flesh
Scrolls
 p - a scroll of summoning
Potions
 e - a potion of might
 f - a potion of curing
 g - a potion of heal wounds
 l - 2 potions of invisibility
Magical staves
 q - an uncursed staff of energy


   Skills:
 - Level 3.2 Fighting
 + Level 4.5 Maces & Flails
 - Level 3.2 Armour
 - Level 3.6 Shields


You had one spell level left.
You didn't know any spells.

Dungeon Overview and Level Annotations

Branches:
Dungeon (1/1)

Altars:
Ashenzari
Cheibriados
Dithmenos
Elyvilon
Fedhas
Kikubaaqudgha
Makhleb
Nemelex Xobeh
Okawaru
Sif Muna
Trog
Vehumet
Xom
Yredelemnul
Zin
The Shining One
Beogh
Jiyva
Lugonu


Innate Abilities, Weirdness & Mutations

Your are under a permanent stasis effect.
You can dig through walls and to a lower floor.
Your four strong arms can wield two-handed weapons with a shield.
You have a pair of large antennae on your head (SInv).


Message History

a short sword; 2 darts You barely miss the wolf.
The wolf bites you but does no damage. The wolf bites you!
You closely miss the wolf. The wolf bites you. The wolf bites you.
* * * LOW HITPOINT WARNING * * *
You block the wolf's attack.
You completely miss the wolf. The wolf barely misses you.
The wolf barely misses you.
Use which ability? (? or * to list)
Okay, then.
Unknown command.
Unknown command.
Unknown command.
You hit the wolf.
The wolf is lightly wounded.
The wolf barely misses you. You block the wolf's attack.
You hit the wolf.
The wolf is moderately wounded.
The wolf bites you!
You die...

#.))).'.'.!##..........
#..)).#.#?(##......#..#.
#######'#####...........
#...........'...........
#+#####%#####......#..#..
# #...'.##............ #.
#...#.#####'#####++#
#.g#####.##.......#
#..'.{{#@##.......#
#..'..gh.##.......#
#..########...<...# #..
#.......# #. #.......# ##
#.......# { {{ #########
{


You could see a wolf and a goblin.

Vanquished Creatures
  A giant eyeball (D)
  An ooze (D)
  A ball python (D)
  A kobold (D)
  A quokka (D)
5 creatures vanquished.

Notes
Turn   | Place    | Note
--------------------------------------------------------------
     0 | D        | Banquo, the Formicid Fighter, began the quest for the Orb.
     0 | D        | Reached XP level 1. HP: 18/18 MP: 1/1
    63 | D        | Found a shadowy altar of Dithmenos.
    63 | D        | Found a basalt altar of Yredelemnul.
    63 | D        | Found a glowing golden altar of the Shining One.
    63 | D        | Found a deep blue altar of Sif Muna.
    63 | D        | Found a burning altar of Makhleb.
    63 | D        | Found an ancient bone altar of Kikubaaqudgha.
    63 | D        | Found a glowing silver altar of Zin.
    64 | D        | Found a bloodstained altar of Trog.
    64 | D        | Found a shattered altar of Ashenzari.
    64 | D        | Found a white marble altar of Elyvilon.
    64 | D        | Found a snail-covered altar of Cheibriados.
    64 | D        | Found a blossoming altar of Fedhas.
    64 | D        | Found a radiant altar of Vehumet.
    64 | D        | Found a shimmering altar of Xom.
    64 | D        | Found a sparkling altar of Nemelex Xobeh.
    64 | D        | Found a corrupted altar of Lugonu.
    64 | D        | Found a viscous altar of Jiyva.
    64 | D        | Found a roughly hewn altar of Beogh.
    64 | D        | Found an iron altar of Okawaru.
    66 | D        | Became a worshipper of Dithmenos the Shadowed
   123 | D        | Reached skill level 4 in Maces & Flails
   123 | D        | Reached XP level 2. HP: 24/24 MP: 3/3
   149 | D        | Noticed a wolf
   157 | D        | Slain by a wolf

Action                   || total
-------------------------++-------
Melee: Mace              ||    24
       Flail             ||     2
